 Dungeon Crawl Stone Soup version 0.27.1 (webtiles) character file.

Game seed: 2458013679375773508

159 Thatpatchoflichen the Skirmisher (level 5, -6/47 HPs)
             Began as a Minotaur Monk on Aug 22, 2021.
             Killed by divine providence
             ... invoked by an orc priest
              (13 damage)
             ... on level 3 of the Dungeon.
             The game lasted 00:07:19 (3573 turns).

Thatpatchoflichen the Skirmisher (Minotaur Monk)    Turns: 3573, Time: 00:07:20

Health: -6/47      AC:  9    Str: 16    XL:     5   Next: 17%
Magic:  4/4        EV:  8    Int:  7    God:
Gold:   82         SH:  0    Dex: 13    Spells: 4/4 levels left

rFire    . . .     SeeInvis .   a - +0 spear
rCold    . . .     Faith    .   (no shield)
rNeg     . . .     Spirit   .   u - +0 chain mail
rPois    +         Reflect  .   (helmet restricted)
rElec    .         Harm     .   (no cloak)
rCorr    .         Rampage  .   (no gloves)
Will     .....                  (no boots)
Stlth    ..........             (no amulet)
HPRegen  0.15/turn              p - ring of poison resistance
MPRegen  0.09/turn              (no ring)

@: no status effects
A: horns 2, retaliatory headbutt
a: no special abilities


You were on level 3 of the Dungeon.
You visited 1 branch of the dungeon, and saw 4 of its levels.

You collected 82 gold pieces.

Inventory:

Hand Weapons
 a - a +0 spear (weapon)
 w - a +0 morningstar
Missiles
 e - 31 bolts
 q - 86 stones (quivered)
 t - 8 boomerangs
Armour
 b - a +0 robe
 u - a +0 chain mail (worn)
Jewellery
 p - a ring of poison resistance (left hand)
Scrolls
 d - 2 scrolls of teleportation {unknown}
 f - a scroll of immolation {unknown}
 h - 3 scrolls of identify {unknown}
 j - a scroll of torment {unknown}
 k - a scroll of vulnerability {unknown}
 l - a scroll of summoning {unknown}
 n - a scroll of amnesia {unknown}
 s - a scroll of enchant armour {unknown}
 v - a scroll of fear {unknown}
Potions
 c - a potion of curing {unknown}
 g - a potion of lignification {unknown}
 i - a potion of cancellation {unknown}
 m - a potion of mutation {unknown}
 o - a potion of magic {unknown}
 r - a potion of heal wounds {unknown}


   Skills:
 + Level 4.8 Fighting
 + Level 4.4 Polearms
 * Level 3.4 Armour
 - Level 4.0 Dodging
 - Level 1.5 Stealth


You had 4 spell levels left.
You didn't know any spells.
Your spell library contained the following spells:

 Spells                   Type           Power      Damage    Failure   Level
 Passwall                 Tmut/Erth      0%         N/A       100%        2
 Gell's Gravitas          Tloc           0%         N/A       100%        3
 Summon Guardian Golem    Hex/Summ       0%         N/A       100%        3
 Swiftness                Air            0%         N/A       100%        3
 Teleport Other           Tloc           0%         N/A       100%        3
 Dispersal                Tloc           0%         N/A       100%        6
 Invisibility             Hex            0%         N/A       100%        6
 Orb of Destruction       Conj           0%         N/A       100%        7
 Spellforged Servitor     Conj/Summ      0%         N/A       100%        7


Dungeon Overview and Level Annotations

Branches:
Dungeon (4/15)
 Temple: D:4-7

Altars:


Innate Abilities, Weirdness & Mutations

You have a pair of horns on your head.
You reflexively headbutt those who attack you in melee.


Message History

The necrophage is almost destroyed.
The necrophage hits you.
You hit the necrophage. Your headbutt misses the necrophage.
The necrophage is almost destroyed.
The necrophage hits you but does no damage.
You hit the necrophage.
You destroy the necrophage!
Your Armour skill increases to level 3!
You have reached level 5!
You hit something but do no damage. Something hits you.
You hit something. Something completely misses you.
You hit something but do no damage. Something hits you but does no damage.
You miss something. Your headbutt misses something.
Something hits you but does no damage.
You barely miss something. Something hits you.
You hit something but do no damage.
You hear some strange, mumbled words.
A puff of flame appears from out of thin air!
The puff of flame hits you!
You closely miss something. Your headbutt misses something.
You hit something but do no damage. You headbutt something.
You hear some strange, mumbled words.
You are confused.
The orc priest invokes the aid of Beogh against you.
Beogh smites you!
* * * LOW HITPOINT WARNING * * *
A magic dart appears from out of thin air!
The magic dart hits you.
* * * LOW HITPOINT WARNING * * *
You bump into the rock wall.
A magic dart appears from out of thin air!
The magic dart hits you but does no damage.
You're too confused to move!
You bump into the rock wall.
You feel less confused. Something hits you.
* * * LOW HITPOINT WARNING * * *
The orc priest calls down the wrath of Beogh upon you.
Beogh smites you!
You die...

....## #..## ########
.)...# ##..# .....### #..##
.......# ###..#### ##.....#
####.).....# .+.....#
#.o'o..>...# ##.....#
#o##.......# #.....#
#.##.......# ###..###
#@##..)....#
..#..###########.##.......#
#.#..............##.......#
#.##.######################
.....# ##.### ....## #....#
...###


You could see an orc priest and an orc.

Vanquished Creatures
  A necrophage (D:3)
  An adder (D:2)
  A worm (D:3)
  A dart slug (D:3)
  8 orcs (D:3)
  4 bats
  2 endoplasms
  A giant cockroach (D:2)
  9 goblins
  4 hobgoblins
  3 quokkas
  6 ball pythons
  2 frilled lizards (D:3)
  2 kobolds (D:2)
  6 rats
51 creatures vanquished.

Vanquished Creatures (others)
  A demonic plant (D:1)
1 creature vanquished.

Grand Total: 52 creatures vanquished

Notes
Turn   | Place    | Note
-------+----------+-------------------------------------------
     0 | D:1      | Thatpatchoflichen the Minotaur Monk began the quest for the
                  | Orb.
     0 | D:1      | Reached XP level 1. HP: 19/19 MP: 0/0
   418 | D:1      | Found a faded altar of an unknown god.
  1166 | D:2      | Reached XP level 2. HP: 12/27 MP: 1/1
  1342 | D:2      | Reached skill level 1 in Armour
  1710 | D:2      | Reached XP level 3. HP: 13/33 MP: 2/2
  3084 | D:3      | Reached XP level 4. HP: 12/41 MP: 3/3
  3543 | D:4      | Noticed a necrophage
  3559 | D:3      | Killed a necrophage
  3560 | D:3      | Reached XP level 5. HP: 39/47 MP: 4/4
  3573 | D:3      | Killed from afar by an orc priest

Illustrated notes

Levels and vault maps discovered:
D:1:      dpeg_arrival_tiny_b, layout_basic, shapermc_ecumenical_altar_gd,
          minmay_misc_feat_secret_circle, corexii_item_surrounded_by_moat,
          minmay_misc_feat_tower, hangedman_abyss_or_decor_lesser_grid
D:2:      layout_basic
D:3:      layout_basic
D:4:      layout_cave_pools

Skill      XL: |  1  2  3  4 |
---------------+-------------+-----
Armour         | 1 2 3 |  3.4
Fighting       | 4 |  4.8
Polearms       | 4 |  4.4
Dodging        | 4 |  4.0
Stealth        | |  1.5

Action                   |  1- 3 |  4- 6 || total
-------------------------+-------+-------++-------
Melee: Spear             |   122 |    24 ||   146
       Headbutt          |    20 |     3 ||    23
Throw: Stone             |     1 |       ||     1
 Stab: Sleeping          |     1 |       ||     1
Armor: Robe              |    23 |       ||    23
       Chain mail        |    31 |     8 ||    39
Dodge: Dodged            |    61 |    12 ||    73
